woodfighter, chaotic female orcish Cavewoman ----------------------------------------------------- |............................................)......| |.----------|--.---...----------------------------..| |.|----- |.|--- |...|.......................%..|..| |.||...| ---.|.|---...|..........%%.<.......^.......| ** |.||...--|.....|....---..(...........%......%....|..|. ** |.||.....|-|-..|....|..........[.)...............|..|.. # |.|----..|.[|..---..------------------------------..|-. # |.| |..|..|...(|............%..%[^)............%..|... # |.| |..|..|-----..------------------------------..|.... # |.-----..---|.......| -------- |..|..... # |...........|----.--- ..^....| |..|....... #* ------------|...|.| ----.|.-------O.|.....|.. * -------------.{.|.|---------------------.|*)...%^@T.|.....|.... # |....(..........|.+.(....................|-------------..-----... # |.---------------.|---------------------.|......................... # |...........[.....| |.....................|........ ------------------- -------------------------------- woodfighter the Cave Woman Experience level: 10 Strength: 18/01 Dexterity: 17 Constitution: 18 Intelligence: 10 Wisdom: 7 Charisma: 6 Health: 0(93) Energy: 25(25) Def: 9 Gold: 0 Moves: 11920 Dungeon seed: blZy5Ey957yfMhq4 Game ID: woodfighter_1486399725 Your Inventory: Amulets g - an uncursed amulet of reflection (being worn) Weapons a - a +0 dwarvish spear named main (weapon in hand) b - 5 +0 dwarvish spears (in quiver) Armor e - a cursed -1 dwarvish cloak n - an uncursed +0 Hawaiian shirt (being worn) q - an uncursed +0 elven shield (being worn) r - an uncursed +0 pair of gauntlets of power w - an uncursed +0 elven mithril-coat (being worn) x - an uncursed +0 pair of elven boots (being worn) M - an uncursed rusty +0 orcish helm (being worn) N - an uncursed +0 cloak of displacement (being worn) Comestibles i - 4 uncursed sprigs of wolfsbane l - an uncursed lizard corpse v - an uncursed eucalyptus leaf Q - an uncursed tripe ration T - 3 uncursed food rations Wands h - a wand of magic missile (0:2) I - a blessed wand of fire (0:4) W - a blessed wand of create monster (0:12) Z - a wand of digging (0:7) Tools s - an uncursed sack u - a +0 pick-axe y - an uncursed skeleton key F - an uncursed towel Y - a cursed brass lantern (0:0) Gems z - an uncursed luckstone Contents of the sack: a [uncursed] scroll of create monster a [uncursed] potion of paralysis Spells and supernatural/magical abilities: Name Level Category Fail Memory W - pray for help -- divine ? -- Your skills at the end: Miscellaneous Skills bare handed combat [Basic] shield [Basic] stealth [Basic] Weapon Skills scimitar [Basic] club [Basic] spear [Skilled] sling [Basic] Spellcasting Skills Final Attributes: You were piously aligned. You were sleep resistant. You were poison resistant. Your writing hand was ok. You were telepathic. You had infravision. You were displaced. You were stealthy. You were fast. You had reflection. You were lucky. You had extra luck. Bad luck did not time out for you. Good luck did not time out for you. You are dead. Vanquished creatures: 2 giant mimics a black naga a quantum mechanic 2 small mimics a xan 2 flaming spheres a large cat a tiger a dwarf king a tengu a crocodile a human mummy an ettin zombie a leather golem 3 giant beetles 3 wolves a lynx a panther a leprechaun a lizard a mumak 2 giant spiders a scorpion 2 horses 3 ice vortices 3 gnome kings a dwarf mummy a yeti a gold golem 2 dogs a housecat 2 jaguars 3 dwarf lords a blue jelly a plains centaur 2 Woodland-elves a snake 2 soldier ants a fire ant 7 bugbears a quasit 2 baby crocodiles 4 Mordor orcs an Uruk-hai 3 rock piercers a pony a fog cloud 31 gnome lords 5 gnomish wizards a guardian naga hatchling a gray ooze 2 elf zombies a paper golem 4 giant ants 2 puppies 4 floating eyes a kitten 25 dwarves 5 kobold lords 2 kobold shamans 6 iguanas 8 hill orcs 4 rothes a rabid rat 5 jitterbugs 2 monkeys 5 orc zombies 4 dwarf zombies 3 coyotes 3 gas spores 8 hobbits an acid blob 4 large kobolds 4 geckos 12 hobgoblins 5 giant rats 12 cave spiders 3 brown molds 2 yellow molds 2 green molds 2 red molds 72 gnomes 3 garter snakes 3 gnome zombies 8 jackals 2 kobolds 8 newts 2 goblins 5 sewer rats 9 grid bugs 3 bats 4 lichens 3 kobold zombies 380 creatures vanquished. Voluntary challenges: You were not invisible. You did not have reflection until turn 6803. You had been an atheist until turn 1939. You used a wielded weapon 589 times, starting on turn 101. You did not apply a unicorn horn. You did not use plumbed fixtures. You did not drink any magical draughts. You read items or engraved 10 times, starting on turn 1861. You never genocided any monsters. You never polymorphed an object. You never changed form. You completed Sokoban on turn 6710, according to the rules. You used no wishes. You never split a pudding. You never wrote Elbereth's name. You never violated your personal moral code. Dungeon overview: The Dungeons of Doom: levels 1 to 10 Level 1 a long staircase Level 2 (locked box) a general store stairs to The Gnomish Mines Level 3 a potion shop, some fountains Level 4 a fountain Level 5 a potion shop Level 6 a fountain Level 7 a fountain Level 8 a potion shop, an altar to Anshar Level 9 many fountains Level 10 stairs to Sokoban The Gnomish Mines: levels 3 to 11 Level 3 stairs to The Dungeons of Doom Level 4 Level 5 Level 6 many shops, a temple to Anshar, a magic chest, some fountains, some trees Level 7 Level 8 Level 9 Level 10 Level 11 <- You were here a magic chest, a fountain Sokoban: levels 6 to 9 Level 6 a magic chest Level 7 a sink Level 8 Level 9 a magic chest stairs to The Dungeons of Doom History has recorded: On T:1 you entered the Dungeons of Doom to retrieve the Amulet of Yendor! On T:167 you reached level 2 of The Dungeons of Doom. On T:623 you advanced to experience level 2. On T:678 you reached level 1 of The Gnomish Mines. On T:701 you reached level 3 of The Dungeons of Doom. On T:1079 you advanced to experience level 3. On T:1295 you reached level 4 of The Dungeons of Doom. On T:1729 you reached level 5 of The Dungeons of Doom. On T:1894 you advanced to experience level 4. On T:1939 you prayed to Anshar. On T:2024 you reached level 6 of The Dungeons of Doom. On T:2102 you reached level 7 of The Dungeons of Doom. On T:2480 you advanced to experience level 5. On T:2523 you advanced to experience level 6. On T:2552 you prayed to Anshar. On T:2779 you reached level 8 of The Dungeons of Doom. On T:2998 you advanced to experience level 7. On T:3078 you reached level 9 of The Dungeons of Doom. On T:3313 you prayed to Anshar. On T:3516 you reached level 10 of The Dungeons of Doom. On T:3623 you reached level 4 of Sokoban. On T:3672 you opened a magic chest. On T:4423 you reached level 3 of Sokoban. On T:4818 you advanced to experience level 8. On T:5179 you reached level 2 of Sokoban. On T:5675 you reached level 1 of Sokoban. On T:6710 you advanced to experience level 9. On T:6710 you entered the Sokoban zoo. On T:7293 you reached level 2 of The Gnomish Mines. On T:7657 you reached level 3 of The Gnomish Mines. On T:7667 you reached level 4 of The Gnomish Mines. On T:8821 you reached level 5 of The Gnomish Mines. On T:9065 you entered the Minetown temple On T:9965 you reached level 6 of The Gnomish Mines. On T:9978 you reached level 7 of The Gnomish Mines. On T:10721 you reached level 8 of The Gnomish Mines. On T:10869 you reached level 9 of The Gnomish Mines. On T:10869 you reached the bottom of the Mines. On T:11425 you advanced to experience level 10. Score breakdown: Gold: 0 ( 0 points) Experience: 10 levels ( 900 points) Exploration: 11 levels ( 300 points) Discoveries: 36 items ( 1800 points) Variety of kills: 93 monsters ( 2000 points) Major goal: Sokoban/Mines ( 1500 points) Survival: died (score multiplied by 3) Total score: 19500 Latest messages: You stop changing your equipment. The ogre wields a club! The troll swings his thonged club at the cavewoman. The troll hits you! The troll claws you! The troll bites! You jab the troll! The troll swings his thonged club at the cavewoman. The troll hits you! The troll just misses! The troll bites! You jab the troll! The ogre swings her club at the cavewoman. The ogre hits you! The troll swings his thonged club at the cavewoman. The troll hits you! The troll claws you! The troll bites! You jab the troll. You jab the troll! The ogre swings her club at the cavewoman. The ogre hits you! The troll swings his thonged club at the cavewoman. The troll hits you! The troll claws you! The troll bites! You die... Final status: Goodbye woodfighter the Cavewoman, killed by a troll... You died in The Gnomish Mines on dungeon level 11 with 19500 points, and 0 pieces of gold, after 11920 moves. You were level 10 with a maximum of 93 hit points when you died.